 Dungeon Crawl Stone Soup version 0.27.1-34-g3ba077fa99 (webtiles) character file.

Game seed: 15593824806090067083

8813 shadowrider38 the Fighter (level 10, 0/97 HPs)
             Began as a Demigod Fighter on Jan 7, 2022.
             Slain by a two-headed ogre (3 damage)
             ... on level 10 of the Dungeon.
             The game lasted 00:26:50 (18100 turns).

shadowrider38 the Fighter (Demigod Fighter)        Turns: 18100, Time: 00:26:51

Health: 0/97       AC: 17    Str: 29    XL:     10   Next: 92%
Magic:  13/13      EV:  5    Int: 13    God:
Gold:   488        SH: 11    Dex: 13    Spells: 9/9 levels left

rFire    . . .     SeeInvis .   a - +0 trident
rCold    . . .     Faith    .   c - +0 kite shield
rNeg     . . .     Spirit   .   z - +0 plate armour
rPois    .         Reflect  .   p - +2 helmet {Int+3}
rElec    .         Harm     .   (no cloak)
rCorr    .         Rampage  .   (no gloves)
Will     +....                  i - +2 pair of boots
Stlth    ..........             (no amulet)
HPRegen  0.26/turn              B - ring of wizardry
MPRegen  0.13/turn              (no ring)

@: no status effects
A: high mp 1, forlorn
a: no special abilities


You were on level 10 of the Dungeon.
You visited 3 branches of the dungeon, and saw 12 of its levels.

You collected 488 gold pieces.

Inventory:

Hand Weapons
 a - a +0 trident (weapon)
Missiles
 j - 260 stones
 l - 15 boomerangs
 s - 28 poisoned darts
 D - 4 atropa-tipped darts
 I - 2 throwing nets
Armour
 c - a +0 kite shield (worn)
 i - a +2 pair of boots (worn)
 p - a +2 helmet of intelligence (worn)
 z - a +0 plate armour (worn)
 G - +0 steam dragon scales
Jewellery
 B - a ring of wizardry (left hand)
 E - a ring of magical power
Wands
 C - a wand of polymorph (10)
Scrolls
 e - 4 scrolls of enchant armour
 f - a scroll of fear
 m - 2 scrolls of vulnerability
 o - 4 scrolls of amnesia
 q - a scroll of fog
 r - 4 scrolls of immolation
 v - a scroll of magic mapping
 w - 2 scrolls of teleportation {unknown}
 y - a scroll of torment {unknown}
 A - a scroll of enchant weapon
 H - a scroll of holy word {unknown}
Potions
 b - 2 potions of brilliance {unknown}
 d - a potion of might
 g - a potion of flight
 h - 3 potions of lignification {unknown}
 k - 2 potions of invisibility {unknown}
 n - a potion of heal wounds
 t - a potion of curing
 u - 2 potions of cancellation
 F - a potion of attraction {unknown}
Miscellaneous
 x - a piece from Xom's chessboard (inert) (quivered)


   Skills:
 + Level 11.7 Fighting
 + Level 9.9 Polearms
 - Level 2.6 Armour
 - Level 5.9 Shields


You had 9 spell levels left.
You didn't know any spells.
Your spell library contained the following spells:

 Spells                   Type           Power      Damage    Failure   Level
 Foxfire                  Conj/Fire      0%         2x1d4     98%         1
 Magic Dart               Conj           0%         1d3       98%         1
 Summon Small Mammal      Summ           0%         N/A       98%         1
 Call Imp                 Summ           0%         N/A       99%         2
 Ensorcelled Hibernation  Hex/Ice        0%         N/A       99%         2
 Slow                     Hex            0%         N/A       99%         2
 Call Canine Familiar     Summ           0%         N/A       100%        3
 Confusing Touch          Hex            0%         N/A       100%        3
 Conjure Flame            Conj/Fire      0%         6-21      100%        3
 Frozen Ramparts          Ice            0%         1d2       100%        3
 Inner Flame              Hex/Fire       0%         N/A       100%        3
 Mephitic Cloud           Conj/Pois/Air  0%         N/A       100%        3
 Spider Form              Tmut/Pois      0%         N/A       100%        3
 Summon Guardian Golem    Hex/Summ       0%         N/A       100%        3
 Vampiric Draining        Necr           0%         2d6       100%        3
 Animate Armour           Summ/Erth      0%         N/A       100%        4
 Ice Form                 Ice/Tmut       0%         N/A       100%        4
 Summon Ice Beast         Ice/Summ       0%         N/A       100%        4
 Blade Hands              Tmut           0%         N/A       100%        5
 Iron Shot                Conj/Erth      0%         9d1       100%        6
 Shadow Creatures         Summ           N/A        N/A       100%        6


Dungeon Overview and Level Annotations

Branches:
Dungeon (10/15)            Temple (1/1) D:6            Lair (1/6) D:8
    Orc: D:9-12

Annotations:
D:6 2 transporters, comborobin's ghost, amateur HODe
D:9 Maurice


Innate Abilities, Weirdness & Mutations

Your attributes grow dramatically as you level up.
You have an increased reservoir of magic. (+10% MP)
You shall have no god before yourself.


Message History

The two-headed ogre hits you with a +0 giant club.
The two-headed ogre hits you with a +0 giant spiked club!
There is an open door, spattered with blood here.
Press: ? - help, v - describe, . - travel
Here: a two-headed ogre, wielding a +0 giant club and a +0 giant spiked club (fast)
The floor.
Unknown command.
Unknown command.
You make a move on Xom's chessboard...
The two-headed ogre easily resists.
The two-headed ogre hits you with a +0 giant club!!
The two-headed ogre barely misses you.
You make a move on Xom's chessboard...
The two-headed ogre twists and deforms.
The two-headed ogre hits you with a +0 giant club!!
The two-headed ogre hits you with a +0 giant spiked club.
You make a move on Xom's chessboard...
The two-headed ogre resists with some effort.
The two-headed ogre hits you with a +0 giant club.
You block the two-headed ogre's attack.
You make a move on Xom's chessboard...
The two-headed ogre resists with some effort.
The two-headed ogre hits you but does no damage.
You block the two-headed ogre's attack.
The two-headed ogre hits you with a +0 giant club!
* * * LOW HITPOINT WARNING * * *
The two-headed ogre barely misses you.
You make a move on Xom's chessboard...
The two-headed ogre resists with some effort.
You block the two-headed ogre's attack. x2
You make a move on Xom's chessboard...
The two-headed ogre twists and deforms.
The two-headed ogre barely misses you.
The two-headed ogre hits you with a +0 giant spiked club!
* * * LOW HITPOINT WARNING * * *
You make a move on Xom's chessboard...
The two-headed ogre resists with some effort.
The chess piece greys!
You block the two-headed ogre's attack.
The two-headed ogre hits you with a +0 giant spiked club.
* * * LOW HITPOINT WARNING * * *
You block the two-headed ogre's attack.
The two-headed ogre hits you with a +0 giant spiked club.
You die...

##'###### #..).....
#.......### #........
#.......'.###........
#.......#..##........
#.......##..+....<...
#.......#####........
#####'### #>.......
##O# #........ #@.#
######+## #####'## #.#
#......# ####'##
#......# #......
#......# #......
#......# ######......
#......# #....'......
#......####.####......
#......'....# #......


You could see a two-headed ogre (fast, misshapen).

Vanquished Creatures
  3 two-headed ogres
  A troll (D:7)
  A shadow (D:9)
  A wraith (D:10)
  A wyvern (D:9)
  15 yaks
  A steam dragon (D:9)
  4 vampire mosquitoes
  2 water moccasins
  3 orc warriors
  A sky beast (D:6)
  3 ogres (D:5)
  5 centaurs
  A phantom (D:5)
  A kobold brigand (D:7)
  Blork the orc (D:5)
  2 gnoll sergeants
  3 bullfrogs
  2 scorpions
  A water moccasin zombie (D:5)
  A wyvern skeleton (D:7)
  5 killer bees
  11 wights
  2 howler monkeys
  A centaur zombie (D:10)
  3 orc priests
  3 hounds
  A bullfrog skeleton (D:5)
  2 jellies
  4 orc wizards
  2 iguanas
  2 howler monkey zombies
  2 adders (D:4)
  9 gnolls
  A howler monkey skeleton (D:7)
  2 white imps
  An adder zombie (D:5)
  A worm (D:3)
  2 dart slugs
  32 orcs
  An endoplasm (D:4)
  3 giant cockroaches
  5 hobgoblins
  10 jackals
  2 quokkas
  6 ball pythons
  7 bats
  3 frilled lizards
  5 goblins
  11 kobolds
  10 rats
202 creatures vanquished.

Vanquished Creatures (others)
  An orc (D:4)
1 creature vanquished.

Grand Total: 203 creatures vanquished

Notes
Turn   | Place    | Note
-------+----------+-------------------------------------------
     0 | D:1      | shadowrider38 the Demigod Fighter began the quest for the
                  | Orb.
     0 | D:1      | Reached XP level 1. HP: 18/18 MP: 3/3
   189 | D:1      | Reached skill level 3 in Fighting
   339 | D:1      | Reached XP level 2. HP: 23/26 MP: 4/4
  1253 | D:2      | Reached XP level 3. HP: 33/33 MP: 5/5
  1306 | D:2      | Reached skill level 4 in Fighting
  2267 | D:3      | Noticed a +0 short sword
  2267 | D:3      | Noticed a +0 dagger
  2267 | D:3      | Noticed a +0 spear
  2267 | D:3      | Noticed a +0 dagger
  2267 | D:3      | Noticed a +0 short sword
  2274 | D:3      | Noticed a +0 falchion
  2275 | D:3      | Noticed a +0 spear
  2277 | D:3      | Noticed a +0 falchion
  3212 | D:4      | Reached XP level 4. HP: 39/41 MP: 6/6
  3543 | D:4      | Reached skill level 5 in Fighting
  3543 | D:4      | Reached XP level 5. HP: 9/48 MP: 7/7
  3837 | D:4      | Noticed a centaur
  3860 | D:4      | Killed a centaur
  3861 | D:4      | Reached XP level 6. HP: 11/56 MP: 8/8
  3906 | D:4      | Identified the +1 robe of Hangman {rPois Dex+2}
  4449 | D:5      | Entered Level 5 of the Dungeon
  4643 | D:5      | Reached skill level 6 in Fighting
  4647 | D:5      | Reached skill level 5 in Shields
  4838 | D:5      | Reached XP level 7. HP: 57/63 MP: 9/9
  5393 | D:5      | Noticed Blork the orc
  5411 | D:5      | Killed Blork the orc
  5699 | D:5      | Reached skill level 7 in Fighting
  6336 | D:6      | HP: 1/59 [wight (4)]
  6682 | D:5      | Reached XP level 8. HP: 64/67 MP: 10/10
  7230 | D:6      | Noticed a hornet
  7583 | D:6      | Reached skill level 8 in Fighting
  7746 | D:6      | Found a transporter.
  7749 | D:6      | Noticed comborobin's ghost (amateur HODe)
  7751 | D:6      | Found a transporter.
  8111 | D:6      | Found a staircase to the Ecumenical Temple.
  8124 | Temple   | Entered the Ecumenical Temple
  8175 | D:6      | Reached skill level 5 in Polearms
  9698 | D:7      | Reached XP level 9. HP: 82/82 MP: 11/11
  9875 | D:7      | Noticed a two-headed ogre
 10249 | D:7      | Reached skill level 9 in Fighting
 10399 | D:8      | Found a staircase to the Lair.
 12555 | D:8      | Reached skill level 10 in Fighting
 13486 | D:9      | Noticed a two-headed ogre
 13492 | D:9      | Noticed a two-headed ogre
 13647 | D:9      | Killed a two-headed ogre
 13648 | D:9      | Reached XP level 10. HP: 25/94 MP: 13/13
 13932 | Lair:1   | Entered Level 1 of the Lair of Beasts
 13954 | D:9      | Noticed a two-headed ogre
 13954 | D:9      | Noticed a two-headed ogre
 14075 | D:7      | HP: 3/94 [troll (11)]
 14076 | D:7      | HP: 1/94 [troll (2)]
 14754 | D:9      | Noticed Maurice
 15556 | D:8      | Killed a two-headed ogre
 15819 | D:8      | Killed a two-headed ogre
 15820 | D:8      | Reached skill level 11 in Fighting
 16199 | D:10     | Entered Level 10 of the Dungeon
 18079 | D:10     | Noticed a two-headed ogre
 18098 | D:10     | HP: 3/97 [two-headed ogre (4)]
 18100 | D:10     | Slain by a two-headed ogre

Illustrated notes

Levels and vault maps discovered:
D:1:      dpeg_arrival_chambers_temple_mockup, layout_rooms,
          hangedman_decor_clover_reticule
D:2:      layout_loops_ring, minmay_tromino_v2
D:3:      layout_loops_corners, nicolae_ru_awakened_eye,
          nicolae_qazlal_general_emergency, nicolae_uskayaw_en_pointe,
          hellmonk_ecumenical_altar_blasted
D:4:      layout_rooms, kennysheep_path_1, minmay_divided_ellipse
D:5:      layout_basic, xom_butterflies, kennysheep_little_box, enter_ossuary_1,
          uniq_blork_the_orc
D:6:      layout_basic, minmay_temple_entry_butterflies, gammafunk_ghost_hive
D:7:      layout_basic, zin_statuary, old_standard_altar, amcnicky_altar_gilded,
          old_standard_altar, minmay_misc_feat_diagonals
D:8:      layout_cave_pools, mainiacjoe_overflow_paths, lemuel_crystal_altar,
          lair_entry_dummy
D:9:      layout_big_octagon, grunt_temple_overflow_growth_and_decay,
          nicolae_elyvilon_temple_path, grunt_ministairs_7, uniq_maurice
D:10:     layout_roguey
Temple:   corrupted_temple
Lair:1:   layout_long_grid, serial_bayou_shore_a

Skill      XL: |  1  2  3  4  5  6  7  8  9 10 |
---------------+-------------------------------+-----
Fighting       | 3 4 5 6 7 8 10 11 | 11.7
Shields        | 3 4 5 |  5.9
Polearms       | 3 5 8 9 |  9.9
Armour         | |  2.6

Action                   |  1- 3 |  4- 6 |  7- 9 | 10-12 || total
-------------------------+-------+-------+-------+-------++-------
Melee: Trident           |   270 |   109 |   600 |   249 ||  1228
Throw: Stone             |       |     3 |     3 |       ||     6
       Dart              |       |     6 |     8 |    10 ||    24
       Boomerang         |       |       |     3 |     1 ||     4
Evoke: Piece from Xom's  |       |       |    12 |    12 ||    24
  Use: Scroll            |       |     4 |     7 |     2 ||    13
       Potion            |       |       |     2 |     3 ||     5
 Stab: Sleeping          |       |       |       |     1 ||     1
Armor: Scale mail        |    90 |       |       |       ||    90
       Chain mail        |    66 |    63 |    87 |       ||   216
       Plate armour      |       |       |   232 |   113 ||   345
Dodge: Dodged            |    62 |    25 |   140 |    45 ||   272
Block: Kite shield       |   122 |    62 |   386 |   143 ||   713
